 Dungeon Crawl Stone Soup version 0.28.0-45-g0d030f2227 (webtiles) character file.

Game seed: 16760403625901940077

67 firemarshallily the Skirmisher (level 3, 0/29 HPs)
             Began as a Demonspawn Fighter on Apr 24, 2022.
             Was a Believer of Vehumet.
             Slain by a gnoll
             ... wielding a +0 halberd
              (13 damage)
             ... on level 2 of the Dungeon.
             The game lasted 00:06:35 (1877 turns).

firemarshallily the Skirmisher (Demonspawn Fighter) Turns: 1877, Time: 00:06:36

Health: 0/29       AC:  8    Str: 18    XL:     3   Next: 98%
Magic:  3/3        EV:  9    Int: 15    God:    Vehumet [**....]
Gold:   75         SH:  4    Dex: 12    Spells: 1/2 levels left

rFire   . . .      SeeInvis .   a - +0 war axe
rCold   . . .      Faith    .   c - +0 buckler
rNeg    . . .      Spirit   .   b - +0 scale mail
rPois   .          Reflect  .   (no helmet)
rElec   .          Harm     .   (no cloak)
rCorr   .          Rampage  .   p - +0 pair of gloves
Will    .....                   (no boots)
Stlth   ..........              (no amulet)
HPRegen 0.09/turn               o - +6 ring of intelligence
MPRegen 0.08/turn               (no ring)

@: mighty
A: claws 2
a: Renounce Religion


You were on level 2 of the Dungeon.
You worshipped Vehumet.
Vehumet was pleased with you.
You visited 1 branch of the dungeon, and saw 2 of its levels.

You collected 75 gold pieces.

Inventory:

Hand Weapons
 a - a +0 war axe (weapon)
Missiles
 e - 3 stones (quivered)
Armour
 b - a +0 scale mail (worn)
 c - a +0 buckler (worn)
 p - a +0 pair of gloves (worn)
Jewellery
 o - a +6 ring of intelligence (left hand)
Scrolls
 f - a scroll of blinking {unknown}
 h - a scroll of immolation {unknown}
 j - a scroll of amnesia {unknown}
 k - a scroll of enchant weapon {unknown}
 n - 2 scrolls of fear {unknown}
Potions
 g - 2 potions of mutation {unknown}
 i - a potion of cancellation {unknown}
 l - a potion of heal wounds {unknown}
 m - a potion of magic {unknown}


   Skills:
 + Level 3.4 Fighting
 * Level 2.6 Axes
 + Level 0.3 Throwing
 * Level 3.2 Armour
 + Level 3.0 Shields
 + Level 0.1 Spellcasting


You had one spell level left.
You knew the following spells:

 Your Spells              Type           Power      Damage    Failure   Level
a - Magic Dart            Conj           0%         1d3       73%         1

Your spell library contained the following spells:

 Spells                   Type           Power      Damage    Failure   Level
 Freeze                   Ice            0%         1d3       73%         1


Dungeon Overview and Level Annotations

Branches:
Dungeon (2/15)

Altars:
Vehumet


Innate Abilities, Weirdness & Mutations

You have very sharp fingernails.


Message History

You closely miss the bat. You block the bat's attack.
The bat hits you but does no damage.
You slash the bat!
You kill the bat!
Vehumet accepts your kill.
The ball python hisses angrily.
The hobgoblin hits you but does no damage.
You see here a bat corpse.
You slash the hobgoblin!
You kill the hobgoblin!
Vehumet accepts your kill.
There is an open door here.
You see here a hobgoblin corpse.
You hit the ball python.
You kill the ball python!
Vehumet accepts your kill.
You open the door. 2 gnolls come into view.
The gnoll shouts! x2
A gnoll comes into view. It is wielding a +0 halberd.
The gnoll moves out of view.
The gnoll shouts!
The gnoll hits you but does no damage.
The gnoll hits you from afar with a +0 halberd.
There is an open door here.
You barely miss the gnoll. The gnoll hits you with a +0 whip.
You block the gnoll's attack.
The gnoll hits you from afar with a +0 halberd!
Ouch! That really hurt!
There is an open door here.
You see here a hobgoblin corpse.
You see here a bat corpse.
There is a stone staircase leading up here.
You feel very mighty all of a sudden.
You slice the gnoll!!
You kill the gnoll!
Vehumet accepts your kill.
The gnoll hits you from afar with a +0 halberd.
The gnoll hits you with a +0 halberd!
You die...

######
###.##.########
#######...##....@gg.#
........#.##.######.#
#########.#.......#.#
..........#..#....#.#
###########.g#.####g#
# #..#.g....# #
#.g######## ########
#.g#.g..#
.......####..#.##.#


You could see 2 gnolls.

Vanquished Creatures
  A gnoll (D:2)
  An adder (D:2)
  A worm (D:2)
  2 dart slugs (D:1)
  5 ball pythons
  2 endoplasms (D:1)
  2 giant cockroaches (D:1)
  5 goblins
  5 hobgoblins
  5 kobolds
  5 bats
  A frilled lizard (D:2)
  3 rats
38 creatures vanquished.

Notes
Turn   | Place    | Note
-------+----------+-------------------------------------------
     0 | D:1      | firemarshallily the Demonspawn Fighter began the quest for
                  | the Orb.
     0 | D:1      | Reached XP level 1. HP: 18/18 MP: 1/1
   167 | D:1      | Gained mutation: You have sharp fingernails. [demonic
                  | ancestry]
   167 | D:1      | Reached XP level 2. HP: 23/24 MP: 2/2
   451 | D:1      | Found a faded altar of an unknown god.
   464 | D:1      | Prayed at the altar of an unknown god.
   464 | D:1      | Became a worshipper of Vehumet
   464 | D:1      | Reached * piety under Vehumet
   464 | D:1      | Offered knowledge of Magic Dart by Vehumet.
   467 | D:1      | Learned a level 1 spell: Magic Dart
   774 | D:1      | Gained mutation: You have very sharp fingernails. [demonic
                  | ancestry]
   774 | D:1      | Reached XP level 3. HP: 23/29 MP: 3/3
  1335 | D:2      | Offered knowledge of Freeze by Vehumet.
  1346 | D:2      | Reached ** piety under Vehumet
  1877 | D:2      | Slain by a gnoll

Illustrated notes

Levels and vault maps discovered:
D:1:      moated_graveyard_arrival, layout_basic,
          hellmonk_ecumenical_altar_arch_garden
D:2:      layout_basic, hangedman_abyss_or_decor_stabs

Skill      XL: |  1  2  3 |
---------------+----------+-----
Axes           | 2 |  2.6
Armour         | 3 |  3.2
Shields        | 3 |  3.0
Fighting       | |  3.4
Throwing       | |  0.3
Spellcasting   | |  0.1

Action                   || total
-------------------------++-------
Melee: War axe           ||   123
Throw: Stone             ||     1
  Use: Potion            ||     1
Armor: Scale mail        ||    63
Dodge: Dodged            ||    53
Block: Buckler           ||    37
